 Dungeon Crawl Stone Soup version 0.30-a0-652-gcc886f7154 (webtiles) character file.

Game seed: 3292773570837406288

91 NinjaNoafa the Conjurer (level 4, -3/28 (32) HPs)
             Began as a Gnoll Conjurer on Jan 17, 2023.
             Slain by Terence
             ... wielding a +3 flail of draining
              (4 damage)
             ... on level 2 of the Dungeon.
             The game lasted 00:02:27 (2032 turns).

NinjaNoafa the Conjurer (Gnoll Conjurer)            Turns: 2032, Time: 00:02:27

HP:   -3/28 (32)    AC:  5    Str:  6    XL:     4   Next: 59%
MP:   7/11          EV: 13    Int: 20    God:
Gold: 85            SH:  0    Dex: 10    Spells: 10/13 levels left

rFire   . . .      SeeInvis .    d - +0 dagger
rCold   . . .      Faith    .    (no shield)
rNeg    . . .      Spirit   .    a - +0 robe
rPois   .          Reflect  .    (no helmet)
rElec   .          Harm     .    (no cloak)
rCorr   .          Rampage  .    m - +2 pair of gloves
Will    .....                    (no boots)
Stlth   ++                       (no amulet)
HPRegen 0.24/turn                (no ring)
MPRegen 0.12/turn                (no ring)

@: heavily drained
A: fangs 1, strong nose, distributed training
a: no special abilities


You were on level 2 of the Dungeon.
You visited 1 branch of the dungeon, and saw 3 of its levels.

You collected 85 gold pieces.

Inventory:

Hand Weapons
 d - a +0 dagger (weapon)
Armour
 a - a +0 robe (worn)
 m - a +2 pair of gloves (worn)
Scrolls
 c - a scroll of enchant weapon {unknown}
 i - 4 scrolls of enchant armour {unknown}
 j - a scroll of teleportation {unknown}
 k - 2 scrolls of identify {unknown}
 n - a scroll of amnesia {unknown}
Potions
 b - 3 potions of magic
 e - 2 potions of flight {unknown}
 f - a potion of brilliance {unknown}
 g - a potion of might {unknown}
 h - a potion of degeneration {unknown}
 l - a potion of lignification {unknown}


   Skills:
 + Level 1.2 Fighting
 + Level 1.2 Short Blades
 + Level 1.2 Long Blades
 + Level 1.2 Axes
 + Level 1.2 Maces & Flails
 + Level 1.2 Polearms
 + Level 1.2 Staves
 + Level 1.2 Ranged Weapons
 + Level 1.2 Throwing
 + Level 1.2 Armour
 + Level 4.7 Dodging
 + Level 4.3 Stealth
 + Level 1.2 Shields
 + Level 1.2 Unarmed Combat
 + Level 5.1 Spellcasting
 + Level 7.1 Conjurations
 + Level 1.0 Hexes
 + Level 1.0 Summonings
 + Level 1.0 Necromancy
 + Level 1.0 Translocations
 + Level 1.0 Transmutations
 + Level 1.0 Fire Magic
 + Level 1.0 Ice Magic
 + Level 1.0 Air Magic
 + Level 1.0 Earth Magic
 + Level 1.0 Poison Magic
 + Level 1.3 Invocations
 + Level 1.2 Evocations


You had 10 spell levels left.
You knew the following spells:

 Your Spells              Type           Power      Damage    Failure   Level
a - Magic Dart            Conj           100%       1d8       1%          1
b - Searing Ray           Conj           66%        2d6       1%          2

Your spell library contained the following spells:

 Spells                   Type           Power      Damage    Failure   Level
 Dazzling Flash           Conj/Hex       42%        N/A       6%          3
 Apportation              Tloc           18%        N/A       8%          1
 Fulminant Prism          Conj/Hex       10%        3d9       22%         4
 Iskenderun's Mystic Bla  Conj/Tloc      21%        2d6       22%         4
 Alistair's Intoxication  Tmut/Pois      6%         N/A       91%         5


Dungeon Overview and Level Annotations

Branches:
Dungeon (3/15)

Altars:

Annotations:
D:2 Terence


Innate Abilities, Weirdness & Mutations

You have very sharp teeth.
Your uncanny sense of smell can sniff out nearby items.
Your experience applies equally to all skills.


Message History

The endoplasm is severely wounded.
The magic dart hits the endoplasm.
You kill the endoplasm!
The magic dart hits the kobold.
The kobold is severely wounded.
The magic dart hits the kobold.
You kill the kobold!
You can't see any susceptible monsters within range! (Use Z to cast anyway.)
You can't see any susceptible monsters within range! (Use Z to cast anyway.)
You see here a +0 club.
Key pressed, stopping explore.
b - 3 potions of magic (gained 1) Key pressed, stopping explore.
You see here a frilled lizard corpse.
You enter the shallow water.
Moving in this stuff is going to be slow.
Key pressed, stopping explore.
Found a pair of gloves.
Found a stone staircase leading down.
Terence and a kobold come into view.
Terence is wielding a +3 flail of draining.
Terence shouts!
The kobold shouts!
The magic dart hits Terence but does no damage.
Terence hits you with a +3 flail of draining!
You feel drained.
The magic dart hits Terence but does no damage.
Terence hits you with a +3 flail of draining!
You feel drained.
Casting: Magic Dart (safe; 1% risk of failure)
Confirm with . or Enter, or press ? or * to list all spells.
Aiming: Searing Ray (safe; 1% risk of failure)
Press: ? - help, Shift-Dir - straight line, f/p - Terence
Aim: Terence, wielding a +3 flail of draining and wearing a +0 scale mail (83% to hit)
The searing ray hits Terence.
Terence is moderately wounded. (Press . to maintain the ray.) Terence hits you with a +3 flail of draining!
* * * LOW HITPOINT WARNING * * *
You feel drained.
You die...

#.......... #>...
..#....†..... #..#.
#.#.......... #....
#[#.......... ....#
#.#.......... ####...
#.#.......... .......##
#.###...#####
........####.###:..#####
.......@.......'...'....
......@#######.#...#####
......K #..#### .......
##..## ....... ##..#
....... ##.## .......
#).### ....... ##...#
###.###


You could see Terence and a kobold.

Vanquished Creatures
  5 adders (D:2)
  A bat (D:2)
  6 endoplasms
  5 giant cockroaches
  A goblin (D:2)
  6 hobgoblins
  2 jackals (D:2)
  2 quokkas
  3 frilled lizards
  8 kobolds
  5 rats
44 creatures vanquished.

Vanquished Creatures (others)
  2 plants (D:1)
2 creatures vanquished.

Grand Total: 46 creatures vanquished

Notes
Turn   | Place    | Note
-------+----------+-------------------------------------------
     0 | D:1      | NinjaNoafa the Gnoll Conjurer began the quest for the Orb.
     0 | D:1      | Reached XP level 1. HP: 13/13 MP: 6/6
   133 | D:1      | Reached XP level 2. HP: 19/19 MP: 1/7
   143 | D:1      | Learned a level 2 spell: Searing Ray
   790 | D:1      | Reached skill level 5 in Spellcasting
   790 | D:1      | Reached XP level 3. HP: 22/25 MP: 5/9
  1226 | D:2      | Reached skill level 1 in Invocations
  1280 | D:2      | You fall into a shaft and drop 1 floor!
  1437 | D:2      | Reached skill level 1 in Fighting
  1437 | D:2      | Reached skill level 1 in Short Blades
  1437 | D:2      | Reached skill level 1 in Long Blades
  1437 | D:2      | Reached skill level 1 in Axes
  1437 | D:2      | Reached skill level 1 in Maces & Flails
  1437 | D:2      | Reached skill level 1 in Polearms
  1437 | D:2      | Reached skill level 1 in Staves
  1437 | D:2      | Reached skill level 1 in Ranged Weapons
  1437 | D:2      | Reached skill level 1 in Throwing
  1437 | D:2      | Reached skill level 1 in Armour
  1437 | D:2      | Reached skill level 1 in Shields
  1437 | D:2      | Reached skill level 1 in Unarmed Combat
  1437 | D:2      | Reached skill level 1 in Evocations
  1490 | D:2      | Reached XP level 4. HP: 27/32 MP: 0/11
  1671 | D:2      | Reached skill level 1 in Hexes
  1671 | D:2      | Reached skill level 1 in Summonings
  1671 | D:2      | Reached skill level 1 in Necromancy
  1671 | D:2      | Reached skill level 1 in Translocations
  1671 | D:2      | Reached skill level 1 in Transmutations
  1671 | D:2      | Reached skill level 1 in Fire Magic
  1671 | D:2      | Reached skill level 1 in Ice Magic
  1671 | D:2      | Reached skill level 1 in Air Magic
  1671 | D:2      | Reached skill level 1 in Earth Magic
  1671 | D:2      | Reached skill level 1 in Poison Magic
  2029 | D:2      | Noticed Terence
  2032 | D:2      | HP: 1/30 [Terence/+3 flail of draining (14)]
  2032 | D:2      | Slain by Terence

Illustrated notes

Levels and vault maps discovered:
D:1:      lightli_arrival_statue_moat, layout_loops_corners, serial_bayou,
          serial_bayou_lake_a, serial_bayou_pond_e, serial_bayou_shore_a,
          serial_bayou_lagoon_a
D:2:      cheibrodos_helix_gallery, layout_basic, minmay_box_of_dots,
          uniq_terence
D:3:      layout_loops_ring, uniq_ijyb, uniq_natasha

Skill      XL: |  1  2  3  4 |
---------------+-------------+-----
Spellcasting   | 5 |  5.1
Invocations    | 1 |  1.3
Fighting       | 1 |  1.2
Short Blades   | 1 |  1.2
Long Blades    | 1 |  1.2
Axes           | 1 |  1.2
Maces & Flails | 1 |  1.2
Polearms       | 1 |  1.2
Staves         | 1 |  1.2
Ranged Weapons | 1 |  1.2
Throwing       | 1 |  1.2
Armour         | 1 |  1.2
Shields        | 1 |  1.2
Unarmed Combat | 1 |  1.2
Evocations     | 1 |  1.2
Hexes          | 1 |  1.0
Summonings     | 1 |  1.0
Necromancy     | 1 |  1.0
Translocations | 1 |  1.0
Transmutations | 1 |  1.0
Fire Magic     | 1 |  1.0
Ice Magic      | 1 |  1.0
Air Magic      | 1 |  1.0
Earth Magic    | 1 |  1.0
Poison Magic   | 1 |  1.0
Dodging        | |  4.7
Stealth        | |  4.3
Conjurations   | |  7.1

Action                   |  1- 3 |  4- 6 || total
-------------------------+-------+-------++-------
Melee: Dagger            |    31 |       ||    31
       Bite              |     4 |       ||     4
 Cast: Magic Dart        |    48 |    24 ||    72
       Searing Ray       |     5 |     1 ||     6
Armor: Robe              |     1 |       ||     1
Dodge: Dodged            |    11 |     1 ||    12

Table legend: (Time is in decaauts)
 A = Elapsed time spent in this place.
 B = Non-inter-level travel time spent in this place.
 C = Inter-level travel time spent in this place.
 D = Time resting spent in this place.
 E = Time spent auto-exploring this place.
 F = Levels seen in this place.
 G = Mean time per level.
                   A        B        C        D        E       F      G
               +--------+--------+--------+--------+--------+-----+--------+
         Total |   2072 |   2009 |     63 |      0 |   1785 |   3 |  690.7 |
       Dungeon |   2072 |   2009 |     63 |      0 |   1785 |   3 |  690.7 |
               +--------+--------+--------+--------+--------+-----+--------+

Top non-repeatable levels by time:
     D:1: 1264 daAuts
     D:2: 744 daAuts
     D:3: 63 daAuts
